Map: Golden Wall LE

Players

ShoWTimE - Winner!

  • Race: Protoss Protoss
  • League: Grandmaster
  • Spawn Location: 7:00

Neeblet (Neeb)

  • Race: Protoss Protoss
  • Spawn Location: 5:00

Event: War Chest Team League

VOD

Have the link to the VOD?

Description

Time

  • Played on: Aug. 9, 2020, 7:17 a.m.
  • Length: 8:59
Show
View Real Time Build Order
Export as new Build Order

ShoWTimE Protoss - Winner!

Build Orders: Oracle Opening 

Get SALT Encoding   

  12  0:00  Probe  
  13  0:12  Probe  
  14  0:17  Pylon  
  14  0:24  Probe (Chrono Boost)  
  15  0:36  Gateway, Probe (Chrono Boost)  
  16  0:44  Probe (Chrono Boost)  
  16  0:46  Assimilator  
  17  0:50  Probe  
  17  0:55  Assimilator  
  18  1:03  Probe (Chrono Boost)  
  19  1:12  Gateway  
  19  1:13  Probe (Chrono Boost)  
  19  1:18  Probe (Chrono Boost)  
  21  1:25  Cybernetics Core  
  21  1:29  Probe  
  22  1:36  Pylon  
  22  1:41  Probe  
  23  1:50  Pylon  
  24  2:02  Adept  
  24  2:03  Adept  
  24  2:04  Warp Gate  
  27  2:14  Stargate  
  27  2:20  Probe  
  28  2:46  Nexus  
  28  2:50  Probe  
  29  2:56  Oracle (Chrono Boost)  
  29  3:03  Probe  
  33  3:15  Probe  
  33  3:16  Pylon  
  34  3:23  Oracle (Chrono Boost)  
  37  3:27  Probe  
  38  3:39  Probe  
  39  3:51  Oracle (Chrono Boost), Probe  
  39  3:54  Shield Battery  
  41  3:59  Probe  
  41  4:00  Sentry  
  44  4:03  Probe  
  44  4:05  Stalker  
  47  4:11  Probe  
  47  4:15  Probe  
  47  4:16  Phoenix (Chrono Boost)  
  49  4:23  Probe  
  47  4:24  Twilight Council  
  47  4:27  Probe  
  48  4:33  Shield Battery  
  48  4:35  Stalker, Probe (Chrono Boost)  
  51  4:42  Probe (Chrono Boost)  
  52  4:46  Stalker  
  52  4:47  Probe (Chrono Boost)  
  56  4:55  Probe x2 (Chrono Boost)  
  56  4:58  Pylon  
  57  5:01  Probe  
  57  5:04  Forge, Probe, Blink (Chrono Boost)  
  59  5:12  Assimilator  
  59  5:13  Probe  
  60  5:16  Probe  
  58  5:24  Stalker x2  
  59  5:34  Shield Battery  
  54  5:43  Pylon, Shield Battery  
  54  5:48  Probe x2  
  54  5:49  Sentry  
  58  5:50  Stalker  
  58  5:55  Gateway  
  58  5:56  Gateway  
  60  5:58  Protoss Ground Weapons Level 1 (Chrono Boost)  
  60  6:01  Probe x2  
  62  6:13  Probe x2, Phoenix  
  62  6:16  Pylon  
  63  6:19  Nexus  
  63  6:25  Probe  
  64  6:26  Robotics Facility  
  64  6:33  Probe  
  64  6:37  Adept, Probe  
  68  6:41  Stalker  
  68  6:45  Probe  
  71  6:49  Probe  
  71  6:51  Stalker x2  
  76  6:55  Charge (Chrono Boost)  
  76  6:56  Pylon  
  76  7:05  Probe x2  
  78  7:10  Stalker x2  
  80  7:15  Gateway  
  80  7:16  Gateway  
  80  7:18  Probe  
  80  7:19  Probe  
  80  7:22  Pylon  
  82  7:23  Observer (Chrono Boost)  
  82  7:26  Gateway  
  83  7:34  Gateway, Probe x2  
  83  7:41  Warp Prism (Chrono Boost)  
  85  7:45  Assimilator, Probe  
  86  7:55  Zealot x3  
  91  7:59  Pylon  
  91  8:05  Stalker  
  93  8:13  Pylon  
  93  8:14  Stalker, Pylon  
  93  8:15  Pylon  
  95  8:34  Zealot x7  
  107  8:38  Zealot  
Show
View Real Time Build Order
Export as new Build Order

Neeblet Protoss 

Build Orders: Nexus First 

Get SALT Encoding   

  12  0:00  Probe  
  13  0:12  Probe  
  14  0:18  Pylon  
  14  0:24  Probe (Chrono Boost)  
  15  0:36  Probe (Chrono Boost)  
  16  0:45  Probe (Chrono Boost)  
  17  0:57  Nexus  
  17  1:08  Gateway  
  17  1:10  Probe (Chrono Boost)  
  18  1:20  Assimilator, Probe (Chrono Boost)  
  18  1:25  Probe (Chrono Boost)  
  19  1:28  Assimilator  
  20  1:37  Probe  
  21  1:40  Gateway  
  21  1:49  Probe  
  22  1:57  Cybernetics Core  
  23  2:01  Probe  
  23  2:09  Probe  
  23  2:13  Probe  
  25  2:22  Probe  
  26  2:26  Probe  
  27  2:31  Stalker x2 (Chrono Boost)  
  27  2:34  Probe  
  27  2:36  Warp Gate  
  32  2:53  Stalker  
  32  2:54  Stalker  
  36  2:59  Shield Battery  
  36  3:03  Shield Battery  
  36  3:07  Pylon  
  36  3:20  Stargate  
  36  3:21  Probe x2  
  38  3:29  Shield Battery  
  38  3:33  Probe x2  
  40  3:38  Pylon  
  40  3:45  Shield Battery  
  40  3:46  Stalker, Probe x2 (Chrono Boost)  
  42  3:57  Pylon  
  42  3:58  Probe x2 (Chrono Boost)  
  44  4:05  Probe x2 (Chrono Boost)  
  48  4:10  Pylon  
  48  4:12  Phoenix (Chrono Boost)  
  41  4:18  Probe (Chrono Boost)  
  41  4:21  Probe (Chrono Boost)  
  42  4:30  Probe (Chrono Boost)  
  44  4:32  Stalker  
  44  4:33  Stalker  
  44  4:34  Probe (Chrono Boost)  
  44  4:35  Probe (Chrono Boost)  
  49  4:42  Probe  
  49  4:44  Phoenix  
  52  4:48  Probe  
  53  4:54  Probe  
  53  4:58  Robotics Facility  
  54  5:00  Probe  
  54  5:03  Sentry  
  54  5:06  Probe  
  58  5:08  Stalker  
  58  5:12  Probe  
  61  5:15  Assimilator  
  61  5:18  Probe  
  61  5:20  Assimilator  
  54  5:24  Probe  
  52  5:31  Probe (Chrono Boost)  
  51  5:37  Probe (Chrono Boost)  
  51  5:43  Probe (Chrono Boost)  
  51  5:48  Probe (Chrono Boost)  
  52  5:50  Probe (Chrono Boost)  
  52  5:52  Probe (Chrono Boost)  
  52  5:53  Forge  
  52  5:56  Immortal  
  58  5:57  Probe  
  58  6:01  Sentry  
  58  6:03  Probe  
  62  6:09  Probe  
  62  6:10  Pylon  
  63  6:15  Probe  
  64  6:21  Probe  
  65  6:26  Pylon  
  65  6:27  Probe  
  65  6:32  Immortal (Chrono Boost)  
  66  6:33  Probe  
  66  6:34  Protoss Ground Weapons Level 1  
  71  6:50  Nexus  
  71  6:55  Pylon  
  71  6:58  Probe x2  
  73  7:06  Robotics Bay  
  73  7:10  Probe x2  
  75  7:18  Observer (Chrono Boost)  
  75  7:22  Probe x2  
  78  7:25  Twilight Council  
  78  7:32  Pylon  
  78  7:34  Probe x2  
  80  7:41  Observer (Chrono Boost)  
  81  7:46  Probe x2  
  83  7:53  Colossus (Chrono Boost)  
  83  7:58  Probe x2  
  89  8:02  Probe  
  89  8:03  Shield Battery  
  90  8:05  Observer  
  90  8:06  Gateway  
  90  8:08  Gateway, Sentry  
  90  8:09  Sentry  
  90  8:10  Probe x2  
  96  8:14  Probe  
  96  8:18  Pylon  
  97  8:22  Probe x2  
  97  8:26  Probe  
  100  8:33  Assimilator x2  
  106  8:37  Sentry, Stalker  
  106  8:39  Probe x3  
Tags
 
Add a new tag
Caveats
  • Supply blocks, unpowered buildings, or Contaminate may cause inaccurate times.
  • Supply counts are checked every 10 seconds.